cohdb
Replays
Latest Replays
All Replays
Popular Replays
Top Player Replays
Match Explorer
How It Works
Community
CoH3 Stats
Reddit
Sign in to upload your games and track your stats! →
Sign in with Steam
Match 38941752
Unlisted
Match 38941752
Overview
Messages
Build Orders
End
Panzerpioneer Squad
Selects Italian Infantry
Kradschützen Motorcycle Team
Kradschützen Motorcycle Team
Panzerpioneer Squad
Construct Light Support Kompanie
Panzerpioneer Squad
Kradschützen Motorcycle Team
Selects Guastatori Squad
Selects L6/40 Light Tank Combat Group
L6/40 Light Tank Combat Group
Guastatori Squad
Guastatori Squad
Fire Support Elements
Vehicle Survival Package
Construct Panzerarmee Kommand
Panzer III L Medium Tank
2.5-tonne Medical Truck
Selects Towed Cannone da 105/28 Field Howitzer
Selects Sound the Alarm
Selects Territory Booby Traps
『BlackBear』
Darth Jar Jar Binks
0
0
Comments
sign in to comment!
No comments posted yet!